Map: [ESL] Cosmic Sapphire

Players

Serral - Winner!

  • Race: Zerg Zerg
  • Spawn Location: 5:00

Harstem

  • Race: Protoss Protoss
  • League: Master
  • Spawn Location: 11:00

Event: HomeStory Cup XXII

VOD

Have the link to the VOD?

Description

Time

  • Played on: Dec. 15, 2022, 2:31 p.m.
  • Length: 4:27

All games in this series

Show
View Real Time Build Order
Export as new Build Order

Serral Zerg - Winner!

Build Orders: Hatch First, Zergling Baneling 

Get SALT Encoding   

  12  0:00  Drone  
  13  0:12  Overlord  
  13  0:16  Drone  
  14  0:30  Drone x2  
  16  0:47  Hatchery  
  15  0:50  Drone  
  15  0:54  Drone  
  17  0:57  Drone  
  18  1:08  Extractor  
  17  1:13  Spawning Pool  
  17  1:16  Drone  
  17  1:19  Drone  
  18  1:27  Drone  
  19  1:38  Drone  
  20  1:48  Overlord  
  20  1:59  Queen x2  
  20  2:00  Zergling x2  
  20  2:01  Zergling x2  
  26  2:11  Zergling x4, Metabolic Boost  
  28  2:22  Zergling x4  
  30  2:32  Baneling Nest  
  30  2:33  Zergling x4  
  31  2:44  Overlord  
  31  2:45  Zergling x2  
  31  2:53  Zergling x4  
  33  3:03  Zergling x2  
  33  3:04  Zergling x2  
  35  3:15  Zergling x12  
  41  3:24  Baneling x5  
  41  3:27  Zergling x4  
  43  3:29  Baneling  
  43  3:33  Overlord  
  43  3:36  Baneling  
  43  3:50  Baneling  
  40  3:56  Zergling x2  
  40  3:57  Zergling x12  
  40  4:01  Zergling x2  
Show
View Real Time Build Order
Export as new Build Order

Harstem Protoss 

Build Orders: 1 Gate Expand 

Get SALT Encoding   

  12  0:00  Probe  
  13  0:12  Probe  
  14  0:17  Pylon  
  14  0:24  Probe  
  15  0:35  Gateway  
  15  0:36  Probe (Chrono Boost)  
  16  0:46  Probe (Chrono Boost), Assimilator  
  17  0:51  Probe (Chrono Boost)  
  18  1:03  Probe  
  19  1:15  Probe  
  20  1:24  Nexus  
  20  1:32  Cybernetics Core  
  20  1:37  Zealot  
  22  1:45  Pylon  
  22  1:48  Probe  
  23  2:03  Probe  
  23  2:06  Adept (Chrono Boost)  
  24  2:09  Warp Gate (Chrono Boost)  
  24  2:15  Probe  
  27  2:22  Robotics Facility  
  27  2:27  Probe  
  28  2:30  Adept  
  28  2:36  Probe  
  31  2:39  Probe  
  32  2:51  Probe  
  33  2:52  Probe  
  33  2:56  Gateway  
  34  3:02  Gateway  
  34  3:07  Immortal (Chrono Boost)  
  34  3:11  Probe  
  39  3:31  Pylon  
  39  3:33  Probe  
  40  3:34  Gateway  
  40  3:36  Gateway  
  40  3:38  Gateway  
  40  3:40  Warp Prism (Chrono Boost)  
  42  3:54  Pylon  
  42  3:55  Adept, Zealot  
  35  3:57  Adept  
Tags
 
Add a new tag
Caveats
  • Supply blocks, unpowered buildings, or Contaminate may cause inaccurate times.
  • Supply counts are checked every 10 seconds.